 Dungeon Crawl Stone Soup version 0.29-a0-700-g2f1814c7b2 (webtiles) character file.

Game seed: 14590607293772910169

52 gobodom the Twirler (level 3, -2/28 HPs)
             Began as a Demonspawn Gladiator on June 25, 2022.
             Killed by divine providence
             ... invoked by an orc priest
              (13 damage)
             ... on level 3 of the Dungeon.
             The game lasted 00:04:57 (1950 turns).

gobodom the Twirler (Demonspawn Gladiator)          Turns: 1950, Time: 00:04:58

Health: -2/28      AC:  6    Str: 14    XL:     3   Next: 60%
Magic:  3/3        EV: 12    Int: 11    God:
Gold:   110        SH:  0    Dex: 14    Spells: 1/2 levels left

rFire   . . .      SeeInvis .   a - +0 quarterstaff
rCold   . . .      Faith    .   (shield currently unavailable)
rNeg    . . .      Spirit   .   b - +0 leather armour
rPois   .          Reflect  .   e - +2 helmet
rElec   .          Harm     .   (no cloak)
rCorr   .          Rampage  .   (no gloves)
Will    .....                   (no boots)
Stlth   +.........              (no amulet)
HPRegen 0.09/turn               (no ring)
MPRegen 0.16/turn               (no ring)

@: no status effects
A: magic regeneration
a: no special abilities


You were on level 3 of the Dungeon.
You visited 1 branch of the dungeon, and saw 3 of its levels.

You collected 110 gold pieces.

Inventory:

Hand Weapons
 a - a +0 quarterstaff (weapon)
Armour
 b - a +0 leather armour (worn)
 c - a +0 helmet
 e - a +2 helmet (worn)
Jewellery
 l - a ring of poison resistance
Scrolls
 g - 3 scrolls of teleportation {unknown}
 h - 2 scrolls of fear {unknown}
 k - 3 scrolls of identify {unknown}
 n - a scroll of blinking {unknown}
 o - a scroll of fog {unknown}
 q - a scroll of enchant armour {unknown}
Potions
 d - a potion of attraction {unknown}
 f - 2 potions of curing {unknown}
 i - 2 potions of brilliance {unknown}
 m - a potion of heal wounds {unknown}
 p - a potion of cancellation {unknown}


   Skills:
 + Level 2.3 Fighting
 + Level 3.5 Staves
 + Level 1.9 Throwing
 + Level 0.9 Armour
 + Level 2.9 Dodging


You had one spell level left.
You knew the following spells:

 Your Spells              Type           Power      Damage    Failure   Level
a - Apportation           Tloc           0%         N/A       41%         1

Your spell library contained the following spells:

 Spells                   Type           Power      Damage    Failure   Level
 Ensorcelled Hibernation  Hex/Ice        0%         N/A       54%         2
 Spider Form              Tmut/Pois      0%         N/A       78%         3
 Anguish                  Hex/Necr       0%         N/A       99%         4
 Alistair's Intoxication  Tmut/Pois      0%         N/A       100%        5


Dungeon Overview and Level Annotations

Branches:
Dungeon (2/15)

Altars:


Innate Abilities, Weirdness & Mutations

You regenerate magic rapidly.


Message History

The orc shouts!
You see here a bat corpse.
The orc hits you but does no damage. The orc closely misses you.
An orc comes into view. It is wielding a +0 flail.
The orc attacks as you move away! The orc barely misses you.
You see here a javelin.
The orc hits you with a +0 club.
You sock the orc!
You kill the orc!
You see here a +0 club.
j - a javelin You see here a +0 club.
You see here a +0 club.
You see here a bat corpse.
i - 2 viscous white potions (gained 1)
You now have 110 gold pieces (gained 13).
Things that are here:
a +0 whip; a kobold corpse An orc priest comes into view.
It is wielding a +0 mace.
You throw a javelin.
The javelin pierces through the orc priest!
The orc priest shouts!
The orc priest is heavily wounded.
An orc priest comes into view. It is wielding a +0 club.
Nothing quivered!
Found a stone staircase leading down.
The orc priest calls down the wrath of Beogh upon you.
Beogh smites you!
You hear a shout!
An orc comes into view. It is wielding a +0 hand axe.
The orc priest looks encouraged for a moment.
The orc priest invokes the aid of Beogh against you.
Pain shoots through your body!
The orc priest calls upon Beogh to heal something.
Things that are here:
a quokka skeleton; an adder skeleton The orc priest mumbles some strange prayers to Beogh against you.
Beogh smites you!
You die...

..# #.# #.#
#.#####.#####.##..
#........).......#
#........######.#.
###.#.###.........
.....<.......##########...
#.#......o....÷@.............
#...#.###†o#####.#.######..#
#...####..# #.#.# #..# o
#..#o..o).# #.#.######..# .#
#..#.###..# #.......##..#
..##..#.# #..# ###.###.##..#
#oo.....# #..# ##.#.# #.##..#
#.....### #..#
##.#..###.##..#
###...#####..#
#.###.†.......#


You could see 2 orc priests.

Vanquished Creatures
  2 adders (D:3)
  A dart slug (D:1)
  2 orcs (D:3)
  An endoplasm (D:3)
  A giant cockroach (D:1)
  3 goblins
  2 hobgoblins (D:1)
  3 quokkas
  3 ball pythons
  4 bats
  A frilled lizard (D:3)
  3 kobolds
  3 rats (D:1)
29 creatures vanquished.

Notes
Turn   | Place    | Note
-------+----------+-------------------------------------------
     0 | D:1      | gobodom the Demonspawn Gladiator began the quest for the
                  | Orb.
     0 | D:1      | Reached XP level 1. HP: 16/16 MP: 1/1
    84 | D:1      | Reached skill level 3 in Staves
   214 | D:1      | Gained mutation: You regenerate magic rapidly. [demonic
                  | ancestry]
   214 | D:1      | Reached XP level 2. HP: 22/22 MP: 2/2
   304 | D:1      | Found a faded altar of an unknown god.
   344 | D:1      | Learned a level 1 spell: Apportation
  1284 | D:2      | You fall into a shaft and drop 1 floor!
  1354 | D:3      | Reached XP level 3. HP: 14/27 MP: 3/3
  1950 | D:3      | Killed from afar by an orc priest

Illustrated notes

Levels and vault maps discovered:
D:1:      minmay_arrival_stone_box, layout_basic,
          hellmonk_ecumenical_altar_leap_of_faith
D:2:      layout_loops_corners, serial_shops, shop_statue,
          minmay_misc_feat_columns, uniq_terence
D:3:      layout_loops_ring

Skill      XL: |  1 |
---------------+----+-----
Staves         | 3 |  3.5
Fighting       | |  2.3
Throwing       | |  1.9
Armour         | |  0.9
Dodging        | |  2.9

Action                   || total
-------------------------++-------
Melee: Quarterstaff      ||    97
Throw: Throwing net      ||     9
       Javelin           ||    12
 Cast: Apportation       ||     1
 Stab: Held in net/web   ||     1
Armor: Leather armour    ||    42
Dodge: Dodged            ||    80

Table legend: (Time is in decaauts)
 A = Elapsed time spent in this place.
 B = Non-inter-level travel time spent in this place.
 C = Inter-level travel time spent in this place.
 D = Time resting spent in this place.
 E = Time spent auto-exploring this place.
 F = Levels seen in this place.
 G = Mean time per level.
                   A        B        C        D        E       F      G
               +--------+--------+--------+--------+--------+-----+--------+
         Total |   1967 |   1967 |      0 |    218 |   1195 |   3 |  655.7 |
       Dungeon |   1967 |   1967 |      0 |    218 |   1195 |   3 |  655.7 |
               +--------+--------+--------+--------+--------+-----+--------+

Top non-repeatable levels by time:
     D:1: 1195 daAuts
     D:3: 674 daAuts
     D:2: 97 daAuts
